[Event "10th Iberoamericano-ch 2024"]
[Site "Linares"]
[Date "2024.09.26"]
[Round "3.11"]
[White "Avila Pavas, Santiago"]
[Black "Ticona Rocabado, Licael Roderick"]
[Result "1-0"]
[ECO "A40"]
[WhiteElo "2485"]
[BlackElo "2321"]
[Annotator "TA"]
[PlyCount "125"]
[EventDate "2024.09.25"]
[EventType "swiss"]
[EventCountry "ESP"]
[SourceTitle "playchess.com"]
[Source "ChessBase"]
[SourceQuality "1"]
[TimeControl "5400+30"]

1. d4 e6 2. Nf3 c5 3. g3 Nf6 4. Bg2 Nc6 5. O-O d5 6. c4 cxd4 7. Nxd4 Bc5 8. Nb3 Be7 9. cxd5 exd5 10. Nc3 Be6 11. Bf4 O-O 12. Qd3 Qd7 13. Rfd1 Rfd8 14. Rac1 Rac8 15. Qb5 d4 16. Qa4 Bxb3 17. axb3 (17. Qxb3 $14 h6 18. h4) 17... Qe6 $11 18. Nb5 Nd5 19. Bxd5 Qxd5 20. Nxa7 Nxa7 21. Qxa7 g5 22. Rxc8 Rxc8 23. Be3 $1 (23. Qxd4 $2 Qxd4 (23... Qxb3 24. Rc1 $16) 24. Rxd4 gxf4 $19) (23. Rxd4 Qc6 24. Be3 Bc5 $15) 23... Bc5 24. Qa4 Qe6 25. Bxd4 Qxe2 $2 (25... Bxd4 $16 26. Rxd4 (26. Qxd4 Qxe2 27. Qd5 h6 $14) 26... Qxe2) 26. Rc1 $18 b6 27. Qd7 $2 (27. b4 $1 $18 Qd2 28. Rd1 (28. bxc5 Qxc1+ 29. Kg2 bxc5 $11) (28. Be3 Qxe3 29. fxe3 Bxe3+ 30. Kg2 Bxc1 $18) 28... Qxb4 29. Qd7) 27... Re8 $16 28. Bxc5 bxc5 29. Rxc5 Qe1+ 30. Kg2 Qe4+ 31. Kh3 h6 32. Qc6 Qe2 ({Black should play} 32... Kg7) 33. Kg2 $16 (33. Qxh6 Qf1+ 34. Kg4 Qe2+ 35. Kh3 (35. Kxg5 $2 Qe7+ 36. Kg4 Qxc5 $19) (35. f3 $2 Re4+ 36. Kxg5 Qe3+ 37. f4 Qxc5+ 38. Kh4 Rb4 $19) 35... Qf1+ 36. Kg4 Qe2+ 37. Kh3 $11 (37. Kxg5 $2 Qe7+ 38. Kg4 Qxc5 $19) (37. f3 $2 Re4+ 38. Kxg5 Qe3+ 39. f4 Qxc5+ 40. Kh4 Rb4 $19)) 33... Re6 34. Qf3 Qxb2 35. Rc8+ Kg7 36. Qc3+ (36. h3 {is more complex.} Rd6 37. Qe3 Qd4 38. Qe8) 36... Qxc3 37. Rxc3 Re2 38. g4 (38. Rc6 $16) 38... Rb2 $14 39. Kf1 Rb1+ 40. Ke2 Rb2+ 41. Ke3 Kh7 42. h3 Kg7 (42... h5 $14) 43. Kf3 (43. f4 $16) 43... Kh7 44. Ke4 Re2+ (44... Kg6 $142) 45. Re3 $1 $16 Rxf2 {[%emt 0:00:02] [#]} (45... Rd2 $16 {is a better defense.}) 46. Rf3 $1 $18 Re2+ 47. Kd3 Re7 $2 (47... Re8 {is tougher.} 48. b4 (48. Rxf7+ Kg6 $18) 48... Kg7) 48. b4 $18 Kg6 (48... h5 $142 49. b5 (49. gxh5 Kh6 $11) 49... hxg4 50. hxg4 Kg6) 49. b5 $18 h5 $2 {[%emt 0:00:56] [#]} (49... Rb7 {was worth a try.}) 50. Kd4 $1 $18 hxg4 (50... Rb7 $142 51. Rf5 hxg4 52. hxg4 Rb8) 51. hxg4 $18 Rd7+ 52. Kc5 Rc7+ 53. Kb4 Rb7 54. Rf5 Re7 55. b6 Re4+ 56. Kc3 Re3+ 57. Kd4 Rb3 58. Kc5 Rc3+ 59. Kd6 Rc4 60. b7 Rxg4 61. Rb5 (61. b8=R $2 {too greedy.} Kxf5 62. Rb5+ Kg6 $19) 61... Rd4+ 62. Kc7 Rc4+ 63. Kb6 1-0

[Event "10th Iberoamericano-ch 2024"]
[Site "Linares"]
[Date "2024.09.26"]
[Round "3.12"]
[White "Gines Esteo, Pedro Antonio"]
[Black "Romero Calduch, Sergio"]
[Result "1-0"]
[ECO "A07"]
[WhiteElo "2477"]
[BlackElo "2276"]
[Annotator "TA"]
[PlyCount "58"]
[EventDate "2024.09.25"]
[EventType "swiss"]
[EventCountry "ESP"]
[SourceTitle "playchess.com"]
[Source "ChessBase"]
[SourceQuality "1"]
[TimeControl "5400+30"]

1. Nf3 d5 2. g3 g6 3. Bg2 Bg7 4. c4 c6 5. Qa4 d4 6. d3 Nf6 7. b4 Nfd7 8. O-O {[%emt 0:03:34] White is slightly better.} O-O 9. Nbd2 a5 10. bxa5 (10. b5 $142) 10... Rxa5 $11 11. Qc2 Ra8 12. Nb3 e5 13. a4 Re8 14. a5 Na6 15. Ba3 c5 16. Rae1 Qc7 17. e3 dxe3 18. Rxe3 Ndb8 19. Ng5 Nc6 20. Ne4 Nd4 (20... Nxa5 $11 21. Rb1 Bf5) 21. Nxd4 $14 cxd4 22. Ree1 Qxa5 23. Ra1 {[%emt 0:05:14] Nd6 is the strong threat.} Qc7 24. Rab1 ({White should play} 24. Rfb1 $16) 24... Rd8 $11 {[%emt 0:00:34] Dodges Nd6} 25. Rb5 {[%emt 0:00:35][%mdl 1024] White has compensation.} Kh8 (25... f5 $11 {remains equal.} 26. Nd2 Kh8) 26. Rfb1 $16 {[%emt 0:00:43] White is more active.} Qd7 {[%emt 0:00:44] A mistake that costs the game.} (26... Bf8 $16 {is a better defense.} 27. Bxf8 Rxf8) 27. Rd5 {[%emt 0:01:22] White is clearly better.} Qc7 {[%emt 0:00:38] [#] aiming for ...Rxd5.} 28. Nd6 {[%emt 0:01:38][%cal Od6f7] Black must now prevent Nxf7+!} Kg8 29. Nxc8 Raxc8 $2 {Weighted Error Value: White=0.13 (very precise) /Black=0.26 (precise) .  Mistake:       	White=2     	Black=4      Inaccurate:     	White=1     	Black=5      OK:         	White=9     	Black=8      Best:        	White=1     	---} (29... Qxc8 30. Rxd8+ Qxd8 31. Bxb7 (31. Rxb7 Bf8 $16) 31... Qa5 32. Bxa8 Qxa3) 1-0

[Event "10th Iberoamericano-ch 2024"]
[Site "Linares"]
[Date "2024.09.26"]
[Round "3.13"]
[White "Domingo Nunez, Alejandro"]
[Black "Fernandez Guillen, Ernesto J."]
[Result "0-1"]
[ECO "A05"]
[WhiteElo "2328"]
[BlackElo "2463"]
[Annotator "TA"]
[PlyCount "93"]
[EventDate "2024.09.25"]
[EventType "swiss"]
[EventCountry "ESP"]
[SourceTitle "playchess.com"]
[Source "ChessBase"]
[SourceQuality "1"]
[TimeControl "5400+30"]

1. Nf3 Nf6 2. g3 d5 3. Bg2 c5 4. O-O e6 5. d4 cxd4 6. Nxd4 Be7 7. c4 O-O 8. cxd5 Nxd5 9. e4 Nb4 10. Nc3 N8c6 11. Nxc6 Nxc6 12. Be3 Qa5 13. Qa4 Qxa4 14. Nxa4 Ne5 {[%emt 0:06:03] The position is equal.} 15. Bd4 Nc6 16. Be3 Ne5 17. Rac1 Bd7 18. Bc5 Bxc5 19. Nxc5 Bb5 {[%emt 0:00:43] [#] aiming for ...b6.} 20. Rfd1 b6 21. a4 Be2 22. Rd2 Nf3+ 23. Bxf3 Bxf3 24. Rc3 Bh5 $36 {[%emt 0:00:55][%mdl 2048] Black has the initiative.} 25. Nd7 Rfd8 26. f3 f6 27. Rcd3 (27. g4 $11 Be8 28. Rc7) 27... Rdc8 $1 $15 28. Kf2 (28. g4 $15 Be8 29. e5) 28... Be8 29. Rd6 Kf7 {[%emt 0:00:48] And now ...Rc7 would win.} 30. e5 $2 {[%emt 0:00:11] White does not recover from this.} (30. f4 $17 {was necessary.}) 30... Rc7 $19 31. exf6 gxf6 32. g4 h6 (32... Rd8 $2 33. Ne5+ fxe5 34. Rxd8 $18) 33. h4 {[%emt 0:00:12] [#]} (33. b3 {might work better.}) 33... Ke7 $1 (33... Rd8 $2 34. Ne5+ fxe5 35. Rxd8 $18) 34. g5 hxg5 (34... Rxd7 35. gxf6+ Kxf6 (35... Kd8 36. f7 $11) 36. Rxd7 Bxd7 37. Rxd7 $11) (34... Bxd7 $142 35. gxf6+ Ke8) 35. hxg5 Bxd7 (35... Rxd7 36. gxf6+ Kd8 37. f7 (37. Rxd7+ $2 Bxd7 38. Ke3 Kc7 $19) 37... Rxd6 38. fxe8=Q+ Kxe8 39. Rxd6 $11) 36. gxf6+ Ke8 $1 37. Ke3 $2 (37. b3 {was called for.}) 37... Rd8 (37... Bxa4 $142 38. Rh2 Rac8 39. Rxe6+ Kf7) 38. Kf4 $2 (38. f4) 38... Kf7 39. Ke5 Rc5+ 40. Kf4 Rf5+ 41. Ke3 Ke8 42. Rh2 {[%emt 0:00:22] Rh8+ would now be deadly.} Rxf6 {[%emt 0:00:08] Black is clearly winning.} (42... Bxa4 $2 {perishes.} 43. Rh8+ (43. Rxe6+ $2 {loses.} Kf7 $19) 43... Kf7 44. Rdxd8 (44. Rhxd8 Re5+ 45. Kf4 Rf5+ 46. Ke3 Re5+ 47. Kf2 Kxf6 $16) 44... Kxf6 45. Rdf8+ Ke5 46. Rxf5+ exf5 47. Rf8 $18) 43. Rh7 Rf7 ({Stronger than} 43... Bxa4 44. Rh8+ Ke7 45. Rdxd8 $16) 44. Rxf7 Kxf7 45. a5 bxa5 46. Ra6 Ra8 47. Kd4 {[%emt 0:01:04] Weighted Error Value: White=0.45/Black=0.22 (precise) .  Mistake:       	White=6     	Black=2      Inaccurate:     	---       	Black=1      OK:         	White=5     	Black=11     Best:        	White=2     	Black=5      Strong:       	---       	Black=3} 0-1

[Event "10th Iberoamericano-ch 2024"]
[Site "Linares"]
[Date "2024.09.26"]
[Round "3.14"]
[White "Vitier Vazquez, Cristian"]
[Black "Lopez Martinez, Josep Manuel"]
[Result "1/2-1/2"]
[ECO "A06"]
[WhiteElo "2344"]
[BlackElo "2448"]
[Annotator "TA"]
[PlyCount "77"]
[EventDate "2024.09.25"]
[EventType "swiss"]
[EventCountry "ESP"]
[SourceTitle "playchess.com"]
[Source "ChessBase"]
[SourceQuality "1"]
[TimeControl "5400+30"]

1. Nf3 d5 2. e3 Nf6 3. c4 e6 4. Nc3 dxc4 5. Bxc4 c5 6. d4 a6 7. O-O Nc6 8. d5 exd5 9. Nxd5 Nxd5 {[%emt 0:00:09] White has an edge.} 10. Bxd5 Be7 11. Bxc6+ bxc6 12. Qxd8+ Bxd8 13. Bd2 Bf6 14. Bc3 Bxc3 {[%emt 0:00:34] The position is equal.} 15. bxc3 Be6 16. Ne5 O-O-O 17. Nxc6 Rd2 18. Rfb1 {[%emt 0:02:05] [#] Rb8+ is the strong threat.} Kc7 19. Na5 Rb8 {[%emt 0:00:23] Against Rb7+} 20. Nb3 Rc2 21. Nxc5 Rxb1+ 22. Rxb1 Rxa2 23. Nxe6+ fxe6 $11 {[%emt 0:00:08][%mdl 4096] Endgame. KR-KR} 24. g4 a5 25. Rb5 a4 26. Re5 a3 27. Rxe6 {[%emt 0:00:24] And now Ra6 would win.} Rc2 28. Ra6 Rxc3 (28... a2 $5 29. Kg2 $8 h6 $11) 29. Kf1 Kb7 30. Ra4 Kb6 31. Ke1 Kb5 32. Ra8 Kb4 33. Kd2 {[%emt 0:00:20] [#] Wards off Rc2+. Strongly threatening Rb8+.} Rc7 34. Rb8+ Ka4 35. Ra8+ Kb3 36. Rb8+ Ka4 37. Ra8+ Kb3 38. Rb8+ Ka4 39. Ra8+ {[%emt 0:00:03] Weighted Error Value: White=0.04 (flawless) /Black=0.01 (flawless) .  Inaccurate:     	White=3     	---        OK:         	White=13    	Black=18     Best:        	White=3     	---} 1/2-1/2

[Event "10th Iberoamericano-ch 2024"]
[Site "Linares"]
[Date "2024.09.26"]
[Round "3.16"]
[White "Merario Alarcon, Andres"]
[Black "Ruiz Buendia, Miguel"]
[Result "1-0"]
[ECO "C47"]
[WhiteElo "2408"]
[BlackElo "2269"]
[Annotator "RC"]
[PlyCount "105"]
[EventDate "2024.09.25"]
[EventType "swiss"]
[EventCountry "ESP"]
[SourceTitle "playchess.com"]
[Source "ChessBase"]
[SourceQuality "1"]
[TimeControl "5400+30"]

1. e4 e5 2. Nf3 Nc6 3. Nc3 Nf6 4. g3 Bb4 5. Nd5 Nxd5 6. exd5 e4 7. Nh4 Ne7 8. c3 Bc5 9. d3 exd3 10. b4 Bb6 11. d6 Ng6 12. Bxd3 O-O 13. Nxg6 hxg6 14. O-O Qf6 15. Bf4 cxd6 16. Qf3 d5 17. Qxd5 d6 18. Rac1 Bh3 19. Rfd1 Be6 20. Qg5 Qxg5 21. Bxg5 Bxa2 22. Be4 Rae8 23. Bxb7 Re2 24. Rxd6 Bxf2+ 25. Kh1 Rfe8 26. Bf3 Rb2 27. Rd2 Rxd2 28. Bxd2 Bc4 29. Kg2 Bb6 30. Be1 f5 31. Bf2 Rd8 32. Bxb6 axb6 33. Rd1 Rxd1 34. Bxd1 Kf7 35. Kf2 g5 36. Ke3 Ke6 37. Kd4 Ba6 38. c4 Bb7 39. c5 bxc5+ 40. bxc5 Bc6 41. Bb3+ Kf6 42. Bd5 Bxd5 43. Kxd5 f4 44. Ke4 fxg3 45. hxg3 Ke6 46. g4 g6 47. Kd4 Kd7 48. Ke5 Kc6 49. Kf6 Kxc5 50. Kxg5 Kd6 51. Kxg6 Ke7 52. g5 Kf8 53. Kh7 1-0

[Event "10th Iberoamericano-ch 2024"]
[Site "Linares"]
[Date "2024.09.26"]
[Round "3.17"]
[White "Matamoros Franco, Carlos S."]
[Black "Goncalves, Samuel Jesus P"]
[Result "1/2-1/2"]
[ECO "A05"]
[WhiteElo "2404"]
[BlackElo "2169"]
[Annotator "RC"]
[PlyCount "94"]
[EventDate "2024.09.25"]
[EventType "swiss"]
[EventCountry "ESP"]
[SourceTitle "playchess.com"]
[Source "ChessBase"]
[SourceQuality "1"]
[TimeControl "5400+30"]

1. Nf3 Nf6 2. g3 g6 3. Bg2 Bg7 4. c4 O-O 5. O-O c5 6. Nc3 d5 7. d3 Nc6 8. Bf4 d4 9. Na4 Nd7 10. a3 e5 11. Bd2 Qe7 12. e3 a6 13. exd4 cxd4 14. Rc1 Nc5 15. Nxc5 Qxc5 16. b4 Qb6 17. Ng5 Bf5 18. Ne4 Rad8 19. a4 Qc7 20. b5 Nb8 21. c5 Qd7 22. Ba5 Rc8 23. Nd6 Rxc5 24. Rxc5 Qxd6 25. Bb4 a5 26. Ba3 Nd7 27. Qc1 Nxc5 28. Bxc5 Qe6 29. Bxf8 Bxf8 30. Qc2 b6 31. Re1 Qd6 32. Qe2 f6 33. g4 Be6 34. g5 Kf7 35. gxf6 Kxf6 36. Rc1 Qa3 37. Rc6 Bd6 38. Qf3+ Ke7 39. Bh3 Qxa4 40. Rxd6 Qa1+ 41. Kg2 Bxh3+ 42. Kxh3 Qf1+ 43. Kh4 Kxd6 44. Qc6+ Ke7 45. Qc7+ Kf8 46. Qd8+ Kf7 47. Qd7+ Kf6 1/2-1/2

[Event "10th Iberoamericano-ch 2024"]
[Site "Linares"]
[Date "2024.09.26"]
[Round "3.18"]
[White "Leyva, Hector"]
[Black "Veiga, Jose Francisco R P N"]
[Result "1-0"]
[ECO "C54"]
[WhiteElo "2296"]
[BlackElo "2404"]
[Annotator "RC"]
[PlyCount "107"]
[EventDate "2024.09.25"]
[EventType "swiss"]
[EventCountry "ESP"]
[SourceTitle "playchess.com"]
[Source "ChessBase"]
[SourceQuality "1"]
[TimeControl "5400+30"]

1. e4 e5 2. Nf3 Nc6 3. Bc4 Bc5 4. c3 Nf6 5. Qe2 O-O 6. d3 d6 7. Bb3 h6 8. h3 Be6 9. Bc2 Bb6 10. g4 Nh7 11. Rg1 Ng5 12. Nxg5 hxg5 13. Nd2 Ne7 14. Nf3 f6 15. Be3 Bxe3 16. fxe3 Ng6 17. Qf2 a5 18. d4 b5 19. h4 Qe7 20. Qg3 b4 21. d5 Bc8 22. c4 a4 23. Bd3 a3 24. b3 Nh8 25. Be2 Nf7 26. O-O-O Nh6 27. Nd2 Bd7 28. Rh1 Qf7 29. Rdf1 Qg6 30. hxg5 fxg5 31. Rf5 Rf6 32. Rh5 Qf7 33. Rfxg5 Rf8 34. Qh3 Kh7 35. Rf5 Bxf5 36. exf5 e4 37. Nxe4 Qe7 38. Bd3 R6f7 39. Qg3 Kg8 40. Kd2 Nxf5 41. gxf5 Rxf5 42. Rxf5 Rxf5 43. Qh2 Re5 44. Qf4 g6 45. Qh6 Qf7 46. Ke2 Rh5 47. Qf4 Rf5 48. Qg3 Rh5 49. Nd2 Kg7 50. Nf3 Qf6 51. Nd4 Kh6 52. Be4 Kh7 53. Ne6 Rh2+ 54. Qxh2+ 1-0

[Event "10th Iberoamericano-ch 2024"]
[Site "Linares"]
[Date "2024.09.26"]
[Round "3.19"]
[White "Noboa Silva, Kevin"]
[Black "Vega Gutierrez, Sabrina"]
[Result "1-0"]
[ECO "D35"]
[WhiteElo "2270"]
[BlackElo "2374"]
[Annotator "RC"]
[PlyCount "55"]
[EventDate "2024.09.25"]
[EventType "swiss"]
[EventCountry "ESP"]
[SourceTitle "playchess.com"]
[Source "ChessBase"]
[SourceQuality "1"]
[TimeControl "5400+30"]

1. d4 d5 2. c4 e6 3. Nc3 Nf6 4. cxd5 Nxd5 5. e4 Nxc3 6. bxc3 c5 7. Rb1 Be7 8. Nf3 O-O 9. Be2 b6 10. O-O Bb7 11. Qd3 Nd7 12. Re1 Rc8 13. Bf4 cxd4 14. cxd4 Nf6 15. Bd1 b5 16. Bc2 Nh5 17. Bd2 a6 18. a4 f5 19. axb5 fxe4 20. Rxe4 Rxc2 21. Qxc2 Qa8 22. Rxe6 Bxf3 23. Rxe7 Bxg2 24. b6 Qd8 25. Qc5 Bf3 26. b7 Qb8 27. Rc7 Qe8 28. Qxf8+ 1-0

[Event "10th Iberoamericano-ch 2024"]
[Site "Linares"]
[Date "2024.09.26"]
[Round "3.20"]
[White "Garzon Zapatanga, Christopher Leonel"]
[Black "Cesar Maestre, Bernardo"]
[Result "0-1"]
[ECO "B90"]
[WhiteElo "2216"]
[BlackElo "2369"]
[Annotator "RC"]
[PlyCount "100"]
[EventDate "2024.09.25"]
[EventType "swiss"]
[EventCountry "ESP"]
[SourceTitle "playchess.com"]
[Source "ChessBase"]
[SourceQuality "1"]
[TimeControl "5400+30"]

1. e4 c5 2. Nf3 d6 3. d4 cxd4 4. Nxd4 Nf6 5. Nc3 a6 6. Be3 e5 7. Nf3 Be7 8. Bc4 O-O 9. O-O Be6 10. Bb3 Nc6 11. Bg5 Nd7 12. Bxe7 Qxe7 13. Nd5 Qd8 14. c3 Kh8 15. Ne3 Nc5 16. Bc2 a5 17. b3 g6 18. Qd2 f5 19. exf5 gxf5 20. Rfd1 f4 21. Nf1 d5 22. b4 Nd7 23. Bb3 Ne7 24. c4 d4 25. Nxd4 exd4 26. Qxd4+ Rf6 27. Qxf6+ Nxf6 28. Rxd8+ Rxd8 29. Re1 a4 30. Bxa4 Bd7 31. Rxe7 Bxa4 32. Rf7 Ne4 33. Rxf4 Nc3 34. Rf7 Ne2+ 35. Kh1 Rd1 36. h3 Rxf1+ 37. Kh2 Rc1 38. Rxb7 Rxc4 39. a3 Nc3 40. Ra7 Bc6 41. Rc7 Bb5 42. Rb7 Rc8 43. f4 Bc6 44. Ra7 h5 45. Kg3 Ne2+ 46. Kh4 Bxg2 47. f5 Nd4 48. Kxh5 Rg8 49. Rf7 Be4 50. Rf6 Nxf5 0-1

[Event "10th Iberoamericano-ch 2024"]
[Site "Linares"]
[Date "2024.09.26"]
[Round "3.21"]
[White "Fier, Alexandr"]
[Black "Mayorga Araya, Sofia"]
[Result "1-0"]
[ECO "B90"]
[WhiteElo "2551"]
[BlackElo "2059"]
[Annotator "RC"]
[PlyCount "55"]
[EventDate "2024.09.25"]
[EventType "swiss"]
[EventCountry "ESP"]
[SourceTitle "playchess.com"]
[Source "ChessBase"]
[SourceQuality "1"]
[TimeControl "5400+30"]

1. e4 c5 2. Nf3 d6 3. d4 cxd4 4. Nxd4 Nf6 5. Nc3 a6 6. Rg1 e5 7. Nb3 h5 8. h3 Be6 9. Be3 Be7 10. Qf3 Nbd7 11. O-O-O b5 12. g4 b4 13. Nd5 Bxd5 14. exd5 hxg4 15. hxg4 Nb6 16. g5 e4 17. Qg2 Nfxd5 18. Qxe4 Nxe3 19. Qxe3 Kf8 20. Nd4 Rh5 21. Ne6+ fxe6 22. Qf3+ Ke8 23. Qxh5+ Kd7 24. Bh3 Qc7 25. Rge1 Rf8 26. Rxe6 Kd8 27. Qg6 Qc5 28. Rxe7 1-0

[Event "10th Iberoamericano-ch 2024"]
[Site "Linares"]
[Date "2024.09.26"]
[Round "3.22"]
[White "Donate Moreno, Silvia"]
[Black "Zambrana, Osvaldo"]
[Result "0-1"]
[ECO "B32"]
[WhiteElo "2126"]
[BlackElo "2405"]
[Annotator "RC"]
[PlyCount "130"]
[EventDate "2024.09.25"]
[EventType "swiss"]
[EventCountry "ESP"]
[SourceTitle "playchess.com"]
[Source "ChessBase"]
[SourceQuality "1"]
[TimeControl "5400+30"]

1. e4 c5 2. Nf3 Nc6 3. d4 cxd4 4. Nxd4 Qb6 5. Nb3 Nf6 6. Nc3 e6 7. Be3 Qc7 8. Qe2 a6 9. O-O-O Bb4 10. f3 O-O 11. g4 Bxc3 12. bxc3 d5 13. g5 Nh5 14. exd5 exd5 15. Bc5 Nf4 16. Qe3 d4 17. cxd4 Rd8 18. d5 Bf5 19. d6 Qc8 20. Qxf4 Na5 21. Nd4 Bxc2 22. Nxc2 Qxc5 23. Bd3 g6 24. Qb4 Qd5 25. Kb1 Qxg5 26. f4 Qh5 27. Ka1 Nc6 28. Qxb7 Na5 29. Qe4 Qc5 30. Qe5 Qb6 31. f5 Rxd6 32. fxg6 hxg6 33. h4 Rad8 34. Qc3 Rc6 35. Qb2 Qxb2+ 36. Kxb2 Rb8+ 37. Ka1 Nc4 38. Bxc4 Rxc4 39. Ne3 Rf4 40. Rh2 Kg7 41. Nd5 Rf3 42. h5 Rh8 43. Nc7 Rxh5 44. Rxh5 gxh5 45. Nxa6 h4 46. Nc5 h3 47. Ne4 f5 48. Rg1+ Kh6 49. Ng5 Re3 50. a4 h2 51. Nf7+ Kh5 52. Rh1 Re2 53. a5 Rg2 54. Rxh2+ Rxh2 55. a6 Rg2 56. Nd6 f4 57. a7 Rg8 58. Kb2 Ra8 59. Kc3 Rxa7 60. Kd3 Ra2 61. Nf5 Kg4 62. Nd4 Kg3 63. Nf5+ Kf3 64. Nd4+ Kf2 65. Ke4 Ra4 0-1

[Event "10th Iberoamericano-ch 2024"]
[Site "Linares"]
[Date "2024.09.26"]
[Round "3.23"]
[White "Labiano Hernandez, Juan"]
[Black "Diaz Mino, Daniel"]
[Result "1-0"]
[ECO "D00"]
[WhiteElo "2398"]
[BlackElo "2130"]
[Annotator "RC"]
[PlyCount "83"]
[EventDate "2024.09.25"]
[EventType "swiss"]
[EventCountry "ESP"]
[SourceTitle "playchess.com"]
[Source "ChessBase"]
[SourceQuality "1"]
[TimeControl "5400+30"]

1. d4 d5 2. Bf4 Nf6 3. e3 e6 4. Nd2 c5 5. c3 Nc6 6. Ngf3 cxd4 7. exd4 Nh5 8. Be3 Bd6 9. Ne5 Nf6 10. f4 Qb6 11. Qb3 Qxb3 12. axb3 Bd7 13. b4 h5 14. Be2 Ne7 15. O-O Nf5 16. Bf2 Ng4 17. Nxg4 hxg4 18. g3 Nh6 19. b5 Ke7 20. Ra2 a5 21. bxa6 bxa6 22. Rfa1 Rhb8 23. b4 Bc6 24. Rxa6 Rxa6 25. Rxa6 Kd7 26. Nb3 Ra8 27. Nc5+ Bxc5 28. dxc5 f5 29. Bb5 Rxa6 30. Bxa6 Nf7 31. Bd4 g6 32. b5 Ba8 33. Bf6 Kc7 34. c6 Bxc6 35. bxc6 Kxc6 36. Bc8 Kd6 37. Kf2 e5 38. fxe5+ Nxe5 39. Bxe5+ Kxe5 40. Ke3 g5 41. Kd3 f4 42. Bxg4 1-0

[Event "10th Iberoamericano-ch 2024"]
[Site "Linares"]
[Date "2024.09.26"]
[Round "3.24"]
[White "Maldonado Mena, German"]
[Black "Garcia, Jhoel"]
[Result "0-1"]
[ECO "A40"]
[WhiteElo "2123"]
[BlackElo "2360"]
[Annotator "RC"]
[PlyCount "84"]
[EventDate "2024.09.25"]
[EventType "swiss"]
[EventCountry "ESP"]
[SourceTitle "playchess.com"]
[Source "ChessBase"]
[SourceQuality "1"]
[TimeControl "5400+30"]

1. d4 e6 2. c4 b6 3. Nc3 Bb7 4. e4 Bb4 5. Qc2 Nf6 6. Bd3 a5 7. Nge2 Bxc3+ 8. bxc3 d6 9. O-O e5 10. f4 Nbd7 11. Ng3 Ng4 12. h3 Nh6 13. fxe5 dxe5 14. Nh5 Rg8 15. Qf2 Qe7 16. Qg3 g5 17. Qf2 O-O-O 18. Nf6 Rg6 19. Ng4 Nxg4 20. hxg4 exd4 21. cxd4 Bxe4 22. Re1 Re6 23. Bxg5 f6 24. Bxe4 Rxe4 25. Bf4 Re8 26. Rxe4 Qxe4 27. c5 Qd3 28. cxb6 Re2 29. Qf1 Qxd4+ 30. Kh1 Nxb6 31. Rc1 Re7 32. Qa6+ Kd8 33. Bh2 Qd2 34. Qf1 Ke8 35. Bxc7 Nd5 36. Bd6 Re2 37. Ba3 Kf7 38. g5 Re4 39. g6+ hxg6 40. Rd1 Rh4+ 41. Kg1 Qe3+ 42. Qf2 Rh1+ 0-1

[Event "10th Iberoamericano-ch 2024"]
[Site "Linares"]
[Date "2024.09.26"]
[Round "3.25"]
[White "Atienza Alvarez, Javier"]
[Black "Garcia Fernandez, Victor"]
[Result "0-1"]
[ECO "E06"]
[WhiteElo "2119"]
[BlackElo "2353"]
[Annotator "RC"]
[PlyCount "60"]
[EventDate "2024.09.25"]
[EventType "swiss"]
[EventCountry "ESP"]
[SourceTitle "playchess.com"]
[Source "ChessBase"]
[SourceQuality "1"]
[TimeControl "5400+30"]

1. d4 Nf6 2. c4 e6 3. g3 d5 4. Bg2 Be7 5. Nf3 Ne4 6. Nc3 f5 7. O-O c6 8. Nxe4 dxe4 9. Ne5 Nd7 10. Bf4 g5 11. e3 h5 12. Ng6 Rh6 13. Nxe7 Qxe7 14. Bc7 h4 15. f3 hxg3 16. hxg3 exf3 17. Bxf3 Nb6 18. Bxb6 axb6 19. Bg2 Qd6 20. Qe1 Bd7 21. b4 c5 22. Bxb7 Ra7 23. bxc5 bxc5 24. Bg2 cxd4 25. exd4 Ra3 26. Rxf5 Qxd4+ 27. Rf2 Rxg3 28. Qd1 Rxg2+ 29. Kxg2 Rh2+ 30. Kxh2 Qxf2+ 0-1

[Event "10th Iberoamericano-ch 2024"]
[Site "Linares"]
[Date "2024.09.26"]
[Round "3.26"]
[White "Jimenez Garcia, Emmanuel"]
[Black "Gomez Carreno, Martin"]
[Result "1-0"]
[ECO "A15"]
[WhiteElo "2352"]
[BlackElo "2124"]
[Annotator "ChessBase"]
[PlyCount "61"]
[EventDate "2024.09.25"]
[EventType "swiss"]
[EventCountry "ESP"]
[SourceTitle "playchess.com"]
[Source "ChessBase"]
[SourceQuality "1"]
[TimeControl "5400+30"]

1. Nf3 Nf6 2. c4 c5 3. g3 g6 4. b3 Bg7 5. Bb2 Nc6 6. Bg2 d6 7. O-O O-O 8. d4 cxd4 9. Nxd4 Bd7 10. Qd2 Nxd4 11. Bxd4 Bc6 12. Nc3 Bxg2 13. Kxg2 Qd7 14. e4 Qc6 15. f3 Nd7 16. Nd5 Rfe8 17. Rfd1 Bxd4 18. Qxd4 a5 19. h4 a4 20. b4 Rac8 21. Rac1 h5 22. Rc3 Rcd8 23. Qa7 e6 24. Ne3 Nb6 25. Qa5 Ra8 26. Qg5 Kg7 27. g4 hxg4 28. Nxg4 Rh8 29. c5 dxc5 30. Qe5+ Kg8 31. Rxc5 1-0

[Event "10th Iberoamericano-ch 2024"]
[Site "Linares"]
[Date "2024.09.26"]
[Round "3.27"]
[White "Suarez Gomez, Paula"]
[Black "Teran Alvarez, Ismael"]
[Result "0-1"]
[ECO "B32"]
[WhiteElo "2111"]
[BlackElo "2329"]
[Annotator "RC"]
[PlyCount "100"]
[EventDate "2024.09.25"]
[EventType "swiss"]
[EventCountry "ESP"]
[SourceTitle "playchess.com"]
[Source "ChessBase"]
[SourceQuality "1"]
[TimeControl "5400+30"]

1. e4 c5 2. Ne2 Nc6 3. d4 cxd4 4. Nxd4 Qb6 5. Nb3 Nf6 6. Nc3 e6 7. g3 Bb4 8. Bg2 Qa6 9. Bf4 d5 10. Bd2 d4 11. Ne2 e5 12. h3 d3 13. cxd3 Qxd3 14. O-O Bxd2 15. Qxd2 Qxd2 16. Nxd2 Be6 17. a3 O-O-O 18. Rfd1 Rd3 19. Nf1 Rhd8 20. Ne3 Rd2 21. Nc3 Rxb2 22. Ned5 Rc2 23. Na2 a5 24. Nac3 Bxd5 25. Nxd5 Nxd5 26. exd5 Nd4 27. Kf1 Kd7 28. a4 Rc4 29. d6 Kxd6 30. Bxb7 Rb8 31. Ba6 Rc2 32. Rab1 Rbb2 33. Rxb2 Rxb2 34. Bc4 f6 35. Ra1 Rb4 36. Bd3 f5 37. Kg2 e4 38. Bf1 Rb2 39. Rd1 Ke5 40. Kg1 g5 41. Bg2 Ra2 42. h4 g4 43. Kf1 Rxa4 44. Rc1 Ra2 45. Ke1 a4 46. Rc5+ Kd6 47. Rc1 a3 48. Kf1 Rb2 49. Rd1 Ke5 50. Kg1 a2 0-1

[Event "10th Iberoamericano-ch 2024"]
[Site "Linares"]
[Date "2024.09.26"]
[Round "3.28"]
[White "Escalona Landi, Samid Eduardo"]
[Black "Pastor Carvajal, Jeigoth"]
[Result "1-0"]
[ECO "A13"]
[WhiteElo "2305"]
[BlackElo "2120"]
[Annotator "RC"]
[PlyCount "41"]
[EventDate "2024.09.25"]
[EventType "swiss"]
[EventCountry "ESP"]
[SourceTitle "playchess.com"]
[Source "ChessBase"]
[SourceQuality "1"]
[TimeControl "5400+30"]

1. Nf3 d5 2. c4 e6 3. b3 d4 4. e3 c5 5. exd4 cxd4 6. g3 Nc6 7. Bg2 Nf6 8. O-O e5 9. Re1 Nd7 10. Nxe5 Ncxe5 11. f4 Bd6 12. fxe5 Bxe5 13. Ba3 Qc7 14. d3 f6 15. Nd2 g6 16. Bd5 Nb6 17. Qf3 Kd8 18. Rac1 h5 19. Qf2 h4 20. Rxe5 hxg3 21. Qxf6+ 1-0